AoeStats
← CommandingOfficer

Highland

506680811Analyzed
4v4 RM · 18d ago on Sep 14, 2026· 19m 8s· 8 players
Game mode
Random Map
Map size
Large (8 player)
Population
200
Speed
Normal
Resources
Standard
Victory
Conquest
Starting age
Dark Age
Ending age
Imperial Age
RankedLock teamsTeams togetherTeam positionsShared explorationLock speedFull tech treeHidden civsTurbo modeCheats
Victory
Defeat
🇺🇸 Huns · United States
1228
+14
🇨🇱 Franks · Chile
1212
+15
🇩🇪 Britons · Germany
1105
+19
🇩🇪 Poles · Germany
1050
+21
🇧🇪 Byzantines · Belgium
1220
-19
🇩🇰 Bohemians · Denmark
1159
-17
🇹🇷 Khmer · Türkiye
1159
-17
🇺🇦 Tatars · Ukraine
1157
-16
Kolbaskin
10:52 Feudal Age
14:59 Castle Age
13:16 Double-Bit Axe
13:52 Horse Collar
18:52 Bow Saw
Azzurri1706
10:50 Feudal Age
11:57 Double-Bit Axe
13:11 Loom
16:55 Scale Barding Armor
storebror
10:41 Feudal Age
10:28 Loom
13:58 Double-Bit Axe
14:01 Horse Collar
18:59 Castle Age
20:06 Wheelbarrow
Bilbo Baggins
12:23 Feudal Age
13:13 Double-Bit Axe
17:12 Castle Age
mR_GrincH_
7:52 Loom
10:16 Feudal Age
10:41 Double-Bit Axe
10:48 Gold Mining
12:22 Horse Collar
14:49 Fletching
16:11 Padded Archer Armor
16:39 Horse Collar
19:21 Wheelbarrow
JeanBlaice
8:59 Loom
10:47 Feudal Age
13:03 Double-Bit Axe
15:28 Castle Age
13:29 Horse Collar
15:33 Wheelbarrow
18:15 Hand Cart
18:30 Fervor
18:43 Heavy Plow
MexKajica
6:30 Loom
9:55 Feudal Age
19:00 Wheelbarrow
CommandingOfficer
9:54 Loom
11:39 Feudal Age
16:14 Castle Age
16:15 Double-Bit Axe
18:21 Town Watch
Connection lost

Rejoining the realm…

Still unreachable

The connection could not be restored.

Session expired

The server has moved on; the page needs a fresh start.